 Dungeon Crawl Stone Soup version 0.31-a0-1469-gd420192249 (webtiles) character file.

Game seed: 16827560218086640613

2470 IdlyInterested the Mimic (level 9, -5/63 HPs)
             Began as a Demonspawn Shapeshifter on Dec 21, 2023.
             Slain by a gnoll
             ... wielding a +0 club
             ... led by a gnoll bouda
              (7 damage)
             ... on level 7 of the Dungeon on Dec 28, 2023.
             The game lasted 00:24:31 (4731 turns).

IdlyInterested the Mimic (Demonspawn Shapeshifter)  Turns: 4731, Time: 00:24:32

Health: -5/63      AC: 11    Str: 15    XL:     9   Next: 26%
Magic:  9/9        EV: 11    Int: 14    God:
Gold:   309        SH:  0    Dex: 15    Spells: 8/8 levels left

rFire   . .          .
                       - Unarmed
rCold   . . .        (no shield)
rNeg    . . .        T - +3 ring mail
rPois   +            (helmet currently unavailable)
rElec   .            z - melded +0 cloak
rCorr   .            (gloves currently unavailable)
SInv    +            q - melded +0 pair of boots
Will    .....        (no amulet)
Stlth   +            f - ring of poison resistance
HPRegen 1.10/turn    w - ring of see invisible
MPRegen 0.11/turn

%: no passive effects
@: beast-form, weakened
A: beast (slay +4), slimy green scales 2, foul stench 1, demonic touch 1, fangs
1, clever 1, sense surroundings 1, regeneration 1, evolution 1
a: Begin Untransformation


You were on level 7 of the Dungeon.
You were a hulking beast.
You visited 1 branch of the dungeon, and saw 7 of its levels.
You also visited: Sewer.

You collected 309 gold pieces.

Inventory:

Hand Weapons
 i - a +0 dagger
 k - a +0 short sword
 s - a +0 trident
 y - a +0 long sword
 A - a +0 hammer
Missiles
 e - 40 stones
 l - 7 boomerangs
 r - 8 poisoned darts (quivered)
 N - 2 throwing nets
Armour
 q - a +0 pair of boots (melded)
 z - a +0 cloak (melded)
 C - a +1 plate armour
 I - a +2 troll leather armour {Pargi}
 M - a +2 robe of willpower
 R - +0 steam dragon scales
 T - a +3 ring mail (worn)
Jewellery
 f - a ring of poison resistance (left hand)
 w - a ring of see invisible (right hand)
 S - a ring of flight
Talismans
 c - a beast talisman (active)
 d - a flux talisman
 Q - a blade talisman
Wands
 B - a wand of iceblast (7)
 G - a wand of paralysis (5)
 L - a wand of flame (11)
Scrolls
 a - a scroll of amnesia
 g - 2 scrolls of teleportation
 j - 2 scrolls of blinking
 n - a scroll of acquirement
 x - 2 scrolls of poison
 E - a scroll of vulnerability
 F - 3 scrolls of revelation
 K - a scroll of silence {unknown}
 O - a scroll of immolation
 P - a scroll of fear
Potions
 b - 2 potions of lignification
 h - a potion of resistance {unknown}
 m - 2 potions of attraction
 o - a potion of might {unknown}
 p - a potion of haste {unknown}
 t - a potion of curing {unknown}
 v - a potion of enlightenment {unknown}
 D - a potion of mutation
 H - a potion of invisibility {unknown}
 J - a potion of degeneration {unknown}


   Skills:
 - Level 3.0 Fighting
 - Level 3.0 Throwing
 - Level 3.0 Armour
 + Level 2.1 Dodging
 - Level 2.0 Stealth
 - Level 3.0 Unarmed Combat
 - Level 2.0 Evocations
 * Level 9.2 Shapeshifting


You had 8 spell levels left.
You didn't know any spells.
Your spell library contained the following spells:

 Spells                   Type           Power      Damage    Failure   Level
 Ensorcelled Hibernation  Hex/Ice        0%         N/A       63%         2
 Passwall                 Erth           0%         N/A       86%         3
 Swiftness                Air            0%         N/A       86%         3


Dungeon Overview and Level Annotations

Branches:
Dungeon (7/15)             Temple (0/1) D:5           Sewer (visited)

Altars:
Fedhas
Vehumet

Shops:
D:4 =


Innate Abilities, Weirdness & Mutations

You are a hulking beast.
Your limbs bulge with bestial killing power. (Slay +4)
You are mostly covered in slimy green scales. (AC +3)
You may rarely emit foul miasma when damaged in melee.
Your touch may inflict minor irresistible damage on your foes.
You have very sharp teeth.
Your mind is acute. (Int +4, Str/Dex -1)
You passively map a small area around you.
Your natural rate of healing is unusually fast.
You have hidden genetic potential.


Message History

The gnoll bouda is heavily wounded.
The gnoll bouda hits you with a +0 club.
The gnoll misses you. The gnoll barely misses you.
You hit the gnoll bouda but do no damage.
The gnoll bouda is heavily wounded.
The gnoll bouda hits you with a +0 club.
The gnoll hits you from afar with a +0 spear.
The gnoll hits you from afar with a +0 halberd.
You hit the gnoll bouda. Your touch misses the gnoll bouda.
The gnoll bouda is heavily wounded.
The gnoll bouda barely misses you.
The gnoll hits you from afar with a +0 spear.
* * * LOW HITPOINT WARNING * * *
The gnoll hits you from afar with a +0 halberd.
* * * LOW HITPOINT WARNING * * *
You hit the gnoll bouda but do no damage.
You touch the gnoll bouda!
You kill the gnoll bouda!
The gnoll hits you from afar with a +0 spear.
* * * LOW HITPOINT WARNING * * *
The gnoll barely misses you. The gnoll hits you with a +0 club.
* * * LOW HITPOINT WARNING * * *
Okay, then.
Okay, then.
You hit the gnoll but do no damage. Your touch misses the gnoll.
You bite the gnoll.
The gnoll is lightly wounded.
You are no longer corroded.
The gnoll barely misses you. The gnoll closely misses you.
You hit the gnoll. Your touch misses the gnoll. Your bite misses the gnoll.
The gnoll is lightly wounded.
The gnoll hits you with a +0 club.
* * * LOW HITPOINT WARNING * * *
The gnoll hits you but does no damage.
The gnoll hits you from afar with a +0 halberd!
* * * LOW HITPOINT WARNING * * *
You hit the gnoll but do no damage.
The gnoll is lightly wounded.
The gnoll hits you with a +0 club!
You die...

# * ..?g. , , ....
#####..... ,
.....##...g5.... ,
........).g.....,
..........##..#* ,.
.........<##)###.#...
#..........gg..g.....
* ..).....##g##..####
...... #h##.## *#
#...####....# *
,...###..##....###
.............##
*.#####..#...##### *
##..)........
#.)#......... ** ,
###).##.#...... *
#.)).#.^#####.#* *


You could see 3 gnolls.

Vanquished Creatures
  Prince Ribbit (D:7)
  2 steam dragons
  Duvessa (D:6)
  An ice beast (D:6)
  Pargi (Sewer)
  4 black bears (D:6)
  2 ogres
  A sky beast (D:7)
  A centaur (D:6)
  Blork the orc (D:5)
  A brain worm (Sewer)
  Dowan (D:6)
  3 jellies
  3 hounds
  2 gnoll boudas (D:7)
  Crazy Yiuf (D:3)
  Jessica (D:3)
  9 iguanas
  A sleepcap (D:6)
  An orc wizard (D:7)
  8 gnolls
  5 adders
  3 river rats (D:5)
  A shadow imp (D:6)
  2 white imps
  2 ufetubi (D:5)
  2 worms (D:5)
  4 dart slugs
  10 orcs
  5 endoplasms
  6 giant cockroaches
  7 hobgoblins
  6 jackals (D:2)
  3 quokkas (D:1)
  6 ball pythons
  5 bats
  7 frilled lizards
  8 goblins
  5 kobolds
  8 rats
141 creatures vanquished.

Vanquished Creatures (others)
  A white imp (D:7)
1 creature vanquished.

Grand Total: 142 creatures vanquished

Notes
Turn   | Place    | Note
-------+----------+-------------------------------------------
     0 | D:1      | IdlyInterested the Demonspawn Shapeshifter began the quest
                  | for the Orb.
     0 | D:1      | Reached XP level 1. HP: 15/15 MP: 1/1
   119 | D:1      | Reached skill level 1 in Armour
   119 | D:1      | Gained mutation: You are partially covered in slimy green
                  | scales. (AC +2) [demonic ancestry]
   119 | D:1      | Reached XP level 2. HP: 18/21 MP: 2/2
   173 | D:1      | Reached skill level 3 in Shapeshifting
   432 | D:1      | Reached skill level 1 in Throwing
   578 | D:1      | Reached XP level 3. HP: 26/26 MP: 3/3
   728 | D:1      | Reached skill level 1 in Stealth
  1435 | D:3      | Reached XP level 4. HP: 32/32 MP: 4/4
  1633 | D:3      | Found a runed translucent door.
  1634 | D:3      | Noticed Crazy Yiuf
  1801 | D:3      | Noticed Jessica
  1824 | D:3      | Killed Jessica
  1904 | D:3      | Reached skill level 4 in Shapeshifting
  1904 | D:3      | Gained mutation: You are mostly covered in slimy green
                  | scales. (AC +3) [demonic ancestry]
  1904 | D:3      | Reached XP level 5. HP: 34/38 MP: 5/5
  2057 | D:3      | Killed Crazy Yiuf
  2193 | D:3      | Identified a scroll of acquirement
  2470 | D:4      | Gained mutation: Your touch may inflict minor irresistible
                  | damage on your foes. [demonic ancestry]
  2470 | D:4      | Reached XP level 6. HP: 44/44 MP: 6/6
  2496 | D:4      | Reached skill level 5 in Shapeshifting
  2680 | D:4      | Found Coulegg's Jewellery Emporium.
  2752 | D:4      | Gained mutation: Your natural rate of healing is unusually
                  | fast. [potion of mutation]
  2752 | D:4      | Gained mutation: You have hidden genetic potential. [potion
                  | of mutation]
  2752 | D:4      | Gained mutation: You passively map a small area around you.
                  | [potion of mutation]
  2759 | D:5      | Entered Level 5 of the Dungeon
  2761 | D:5      | Noticed Blork the orc
  2776 | D:5      | Killed Blork the orc
  2854 | D:5      | Gained mutation: You may rarely emit foul miasma when
                  | damaged in melee. [demonic ancestry]
  2854 | D:5      | Reached XP level 7. HP: 28/50 MP: 7/7
  2871 | D:5      | Noticed a steam dragon
  2884 | D:5      | Killed a steam dragon
  2885 | D:5      | Reached skill level 6 in Shapeshifting
  2885 | D:5      | Gained mutation: You have very sharp teeth. [hidden
                  | potential]
  2899 | D:5      | Found a glowing drain.
  2935 | Sewer    | Entered a sewer
  2979 | Sewer    | Reached skill level 1 in Evocations
  3020 | Sewer    | Noticed Pargi
  3033 | Sewer    | Killed Pargi
  3284 | D:5      | Reached XP level 8. HP: 52/56 MP: 8/8
  3571 | D:5      | Found a staircase to the Ecumenical Temple.
  3636 | D:5      | Found a blossoming altar of Fedhas.
  3661 | D:6      | Reached skill level 7 in Shapeshifting
  3684 | D:6      | Found a radiant altar of Vehumet.
  3779 | D:6      | Noticed Duvessa
  3780 | D:6      | Noticed Dowan
  3788 | D:6      | Killed Duvessa
  3794 | D:6      | Killed Dowan
  3814 | D:6      | Gained mutation: You have great hidden genetic potential.
                  | [hidden potential]
  3814 | D:6      | Lost mutation: You have great hidden genetic potential.
                  | [hidden potential expressed]
  4089 | D:6      | Reached skill level 8 in Shapeshifting
  4438 | D:6      | Upgraded the game from 0.31-a0-1338-gb567cfdca4 to
                  | 0.31-a0-1469-gd420192249
  4614 | D:7      | Reached XP level 9. HP: 43/63 MP: 9/9
  4687 | D:7      | Noticed Prince Ribbit
  4708 | D:7      | Killed Prince Ribbit
  4709 | D:7      | Reached skill level 9 in Shapeshifting
  4711 | D:7      | Gained mutation: Your mind is acute. (Int +4, Str/Dex -1)
                  | [hidden potential]
  4730 | D:7      | HP: 1/63 [gnoll/+0 halberd[a gnoll bouda] (10)]
  4731 | D:7      | Slain by a gnoll

Illustrated notes

Levels and vault maps discovered:
D:1:      minmay_arrival_stone_box, layout_loops_ring, minmay_worlds_worst_comb
D:2:      layout_rooms, minmay_misc_feat_square
D:3:      layout_loops_ring, uniq_crazy_yiuf_cottage, uniq_jessica
D:4:      layout_rooms, serial_shops, shop
D:5:      layout_basic, kennysheep_mini_moat, minmay_temple_entry_nine_rooms,
          portal_sewer_entry_b, uniq_blork_the_orc
D:6:      black_bear_nest_2, layout_gridville, vehumet_altar_wand_db,
          grunt_ministairs_3, uniq_duvessa
D:7:      layout_rooms, overflow_temple_1_default, uniq_prince_ribbit1

Skill      XL: |  1  2  3  4  5  6  7  8  9 |
---------------+----------------------------+-----
Armour         | 1 2 3 |  3.0
Shapeshifting  | 3 4 5 6 8 9 |  9.2
Throwing       | 1 2 3 |  3.0
Stealth        | 1 2 |  2.0
Fighting       | 2 3 |  3.0
Dodging        | 2 |  2.1
Evocations     | 2 |  2.0
Unarmed Combat | 3 |  3.0

Action                     |  1- 3 |  4- 6 |  7- 9 || total
---------------------------+-------+-------+-------++-------
  Melee: Unarmed           |   153 |    78 |   220 ||   451
         Punch             |     3 |     1 |     4 ||     8
         Trident           |       |     9 |       ||     9
         Quarterstaff      |       |    32 |       ||    32
         Touch             |       |     9 |    49 ||    58
         Bite              |       |       |    28 ||    28
  Throw: Stone             |       |     7 |       ||     7
         Dart              |       |       |     2 ||     2
    Use: Scroll            |     3 |     5 |     5 ||    13
         Potion            |     1 |     1 |     2 ||     4
   Stab: Sleeping          |     1 |       |     3 ||     4
 Armour: Animal skin       |    14 |       |       ||    14
         Chain mail        |    86 |    49 |       ||   135
         Plate armour      |       |    36 |    71 ||   107
         Troll leather arm |       |       |    88 ||    88
         Ring mail         |       |       |    50 ||    50
  Dodge: Dodged            |    61 |    39 |   121 ||   221
   Form: Beast             |     1 |     1 |       ||     2
         Flux              |     1 |     1 |       ||     2

Table legend: (Time is in decaauts)
 A = Elapsed time spent in this place.
 B = Non-inter-level travel time spent in this place.
 C = Inter-level travel time spent in this place.
 D = Time resting spent in this place.
 E = Time spent auto-exploring this place.
 F = Levels seen in this place.
 G = Mean time per level.
                   A        B        C        D        E       F      G
               +--------+--------+--------+--------+--------+-----+--------+
         Total |   4755 |   4441 |    314 |    306 |   2608 |   8 |  594.4 |
       Dungeon |   4572 |   4258 |    314 |    306 |   2534 |   7 |  653.1 |
         Sewer |    183 |    183 |      0 |      0 |     74 |   1 |  183.0 |
               +--------+--------+--------+--------+--------+-----+--------+

Top non-repeatable levels by time:
     D:3: 911 daAuts
     D:1: 823 daAuts
     D:6: 785 daAuts
     D:5: 766 daAuts
     D:4: 525 daAuts
     D:2: 512 daAuts
     D:7: 247 daAuts
   Sewer: 183 daAuts
